 Dungeon Crawl Stone Soup version 0.23.2-40-g277498a001 (webtiles) character file.

Game seed: 13254514503307743843

77 Exodus22XD the Magician (level 4, 0/24 HPs)
             Began as a Deep Elf Wizard on Sept 19, 2019.
             Killed from afar by an orc wizard (6 damage)
             ... with a magic dart
             ... on level 2 of the Dungeon.
             The game lasted 00:03:57 (1958 turns).

Exodus22XD the Magician (Deep Elf Wizard)           Turns: 1958, Time: 00:03:58

Health: 0/24       AC:  2    Str:  4    XL:     4   Next: 14%
Magic:  1/12       EV: 13    Int: 24    God:
Gold:   97         SH:  0    Dex: 13    Spells: 0/11 levels left

rFire    . . .     SeeInvis .   g - +0 dagger
rCold    . . .     Gourm    .   (no shield)
rNeg     . . .     Faith    .   a - +0 robe
rPois    .         Spirit   .   b - +0 hat
rElec    .         Reflect  .   (no cloak)
rCorr    .         Harm     .   (no gloves)
MR       .....                  (no boots)
Stlth    ++........             (no amulet)
HPRegen  0.08/turn              (no ring)
MPRegen  0.13/turn              (no ring)

@: no status effects
A: no striking features
a: no special abilities


You were on level 2 of the Dungeon.
You were not hungry.

You visited 1 branch of the dungeon, and saw 3 of its levels.

You collected 97 gold pieces.

Inventory:

Hand Weapons
 g - a +0 dagger (weapon)
Armour
 a - a +0 robe (worn)
 b - a +0 hat (worn)
Scrolls
 c - a scroll of identify {unknown}
 h - 2 scrolls of fear {unknown}
 i - a scroll of remove curse {unknown}
 j - a scroll of fog {unknown}
Potions
 e - 2 potions of haste {unknown}
 k - a potion of heal wounds {unknown}
Comestibles
 d - a ration


   Skills:
 - Level 2.4 Dodging
 - Level 2.4 Stealth
 - Level 4.4 Spellcasting
 - Level 4.3 Conjurations
 * Level 1.3 Summonings
 - Level 1.1 Translocations


You couldn't memorise any spells.
You knew the following spells:

 Your Spells              Type           Power        Failure   Level  Hunger
a - Magic Dart            Conj           ####         1%          1    None
b - Call Imp              Summ           ##......     9%          2    None
c - Blink                 Tloc           N/A          9%          2    None
d - Conjure Flame         Conj/Fire      ###.....     12%         3    ##.....
e - Mephitic Cloud        Conj/Pois/Air  ##......     16%         3    ##.....

Your spell library contained the following spells:

 Spells                   Type           Power        Failure   Level  Hunger
 Slow                     Hex            #.......     14%         2    None


Dungeon Overview and Level Annotations

Branches:
Dungeon (3/15)

Altars:
Gozag


Message History

You blink.
Casting: Blink (safe; 9% risk of failure)
Confirm with . or Enter, or press ? or * to list all spells.
You don't have enough magic to cast that spell.
Unknown command.
Casting: Blink (safe; 9% risk of failure)
Confirm with . or Enter, or press ? or * to list all spells.
A beastly little devil appears in a puff of frigid air.
The leopard gecko bites you.
* * * LOW HITPOINT WARNING * * *
Your white imp hits the leopard gecko.
Your white imp freezes the leopard gecko.
The leopard gecko seems to slow down.
The leopard gecko dies!
Unknown command.
There is a strange disturbance nearby!
Something hits you but does no damage.
Your white imp misses something.
A magic dart appears from out of thin air!
The magic dart hits you.
You die...

#..P....P..#.# #........#.#.#
######### #.#....P.#.#.#
#.......#
#.########.#.###.......#
#..........#...#.......#
##############.#5......#
#....####...#{.>....#
#.##....#.###.......#
###.##..†.#.#.@.......#
#†...#....#.#.##.######
###.######+#....##.# .....#
#...#..#.##># .....#
#.###..#....# .....#
#...#..#.#####
....÷#####.#........#########
###......#÷#.#####)†........#
######.#.#................#


You could see a friendly white imp.

Vanquished Creatures
  An adder (D:2)
  2 worms (D:2)
  2 dart slugs (D:1)
  2 leopard geckos (D:2)
  2 orcs (D:3)
  5 bats
  7 giant cockroaches (D:1)
  7 goblins
  7 hobgoblins
  8 kobolds
  2 ball pythons
  A frilled lizard (D:2)
  4 rats (D:1)
50 creatures vanquished.

Vanquished Creatures (collateral kills)
  A leopard gecko (D:2)
1 creature vanquished.

Grand Total: 51 creatures vanquished

Notes
Turn   | Place    | Note
-------+----------+-------------------------------------------
     0 | D:1      | Exodus22XD the Deep Elf Wizard began the quest for the Orb.
     0 | D:1      | Reached XP level 1. HP: 10/10 MP: 7/7
   312 | D:1      | Reached XP level 2. HP: 11/15 MP: 0/9
   695 | D:1      | Reached XP level 3. HP: 11/19 MP: 6/10
  1533 | D:2      | Found an opulent altar of Gozag.
  1733 | D:2      | Reached XP level 4. HP: 24/24 MP: 6/12
  1737 | D:2      | Learned a level 2 spell: Call Imp
  1740 | D:2      | Learned a level 2 spell: Blink
  1744 | D:2      | Learned a level 3 spell: Conjure Flame
  1748 | D:2      | Learned a level 3 spell: Mephitic Cloud
  1958 | D:2      | Killed from afar by an orc wizard

Skill      XL: |  1  2  3 |
---------------+----------+-----
Conjurations   | 2 3 4 |  4.3
Dodging        | |  2.4
Stealth        | |  2.4
Spellcasting   | |  4.4
Summonings     | |  1.3
Translocations | |  1.1

Action                   |  1- 3 |  4- 6 || total
-------------------------+-------+-------++-------
Melee: Dagger            |    10 |       ||    10
 Cast: Magic Dart        |   100 |    11 ||   111
       Blink             |       |     2 ||     2
       Call Imp          |       |     1 ||     1
  Eat: Chunk             |     2 |     1 ||     3
Armor: Robe              |     8 |     1 ||     9
Dodge: Dodged            |    21 |     3 ||    24
